 Dungeon Crawl Stone Soup version 0.29-a0-284-gf9362112df (webtiles) character file.

Game seed: 2111007609208801084

26 Tlukle the Ruffian (level 3, 35/35 HPs)
             Began as a Gnoll Berserker on Mar 31, 2022.
             Was a Believer of Trog.
             Got out of the dungeon alive.
             The game lasted 00:18:57 (1318 turns).

Tlukle the Ruffian (Gnoll Berserker)                Turns: 1318, Time: 00:18:57

Health: 35/35      AC:  7    Str: 18    XL:     3   Next: 8%
Magic:  3/3        EV: 11    Int:  6    God:    Trog [**....]
Gold:   50         SH:  0    Dex: 11    Spells: 3/3 levels left

rFire   x . .      SeeInvis .   c - +0 whip
rCold   + . .      Faith    .   (no shield)
rNeg    . . .      Spirit   .   f - +0 scale mail
rPois   .          Reflect  .   (no helmet)
rElec   .          Harm     .   (no cloak)
rCorr   .          Rampage  .   (no gloves)
Will    .....                   (no boots)
Stlth   ..........              (no amulet)
HPRegen 0.11/turn               a - ring of ice
MPRegen 0.08/turn               (no ring)

@: no status effects
A: fangs 1, strong nose, distributed training
a: Renounce Religion, Berserk, Trog's Hand


You escaped.
You worshipped Trog.
Trog was pleased with you.
You visited 1 branch of the dungeon, and saw 1 of its levels.

You collected 50 gold pieces.

Inventory:

Hand Weapons
 b - a +0 dagger
 c - a +0 whip (weapon)
 g - a +0 dagger
 h - a +0 hunting sling
Missiles
 d - 31 stones (quivered)
Armour
 f - a +0 scale mail (worn)
Jewellery
 a - a ring of ice (left hand)
Scrolls
 e - a scroll of identify {unknown}


   Skills:
 + Level 6.5 Fighting
 + Level 0.6 Short Blades
 + Level 0.6 Long Blades
 + Level 0.6 Axes
 + Level 0.6 Maces & Flails
 + Level 0.6 Polearms
 + Level 0.6 Staves
 + Level 0.6 Slings
 + Level 0.6 Bows
 + Level 0.6 Crossbows
 + Level 0.6 Throwing
 + Level 4.5 Armour
 + Level 4.5 Dodging
 + Level 0.6 Stealth
 + Level 0.6 Shields
 + Level 6.5 Unarmed Combat
 + Level 0.6 Spellcasting
 + Level 0.4 Conjurations
 + Level 0.4 Hexes
 + Level 0.4 Summonings
 + Level 0.4 Necromancy
 + Level 0.4 Translocations
 + Level 0.4 Transmutations
 + Level 0.4 Fire Magic
 + Level 0.4 Ice Magic
 + Level 0.4 Air Magic
 + Level 0.4 Earth Magic
 + Level 0.4 Poison Magic
 + Level 0.8 Invocations
 + Level 0.6 Evocations


You had 3 spell levels left.
You didn't know any spells.
Your spell library was empty.

Dungeon Overview and Level Annotations

Branches:
Dungeon (1/15)

Altars:


Innate Abilities, Weirdness & Mutations

You have very sharp teeth.
Your uncanny sense of smell can sniff out nearby items.
Your experience applies equally to all skills.


Message History

Things that are here:
a +0 club; a +0 dagger; a kobold corpse
Things that are here:
a +0 club; a +0 dagger; a kobold corpse You open the door.
Found 27 stones.
There is an open door here.
d - 32 stones (gained 27)
You open the door.
There is an open door here.
A frilled lizard comes into view.
Found a stone staircase leading down.
Throw: 32 stones
Press: ? - help, Shift-Dir - straight line, f - frilled lizard
Aim: a frilled lizard (40% to hit)
You throw a stone.
The stone barely misses the frilled lizard.
The frilled lizard barely misses you.
You closely miss the frilled lizard. The frilled lizard barely misses you.
You hit the frilled lizard.
You kill the frilled lizard!
Trog accepts your kill.
A rat comes into view.
The rat bites you but does no damage. The rat bites you but does no damage.
You hit the rat.
You kill the rat!
Trog accepts your kill.
You see here a rat corpse.
You open the door.
There is an open door here.
There is an open door here.
Found an escape hatch in the floor.
There is an escape hatch in the floor here.
There is an open door here.
There is a staircase leading out of the dungeon here.
Are you sure you want to leave the Dungeon?
This will make you lose the game! [Y]es or [N]o only, please.
Are you sure you want to leave the Dungeon?
This will make you lose the game!
You have escaped!

...##.###..# #..# ##...#
##... ..###.####.#
#'#######+## ##.. .##
#.#....# ##.........## ##.
## #.#.##.# #...#####...#
## # #.#.#### #.#.#.#
#.#.#.# # # #.#.##
#.##.##.#.##.##.# # ##
#....###.# #.###.###.#
#.#### .##
#..##.####.##.#.##.####.##.
..#
#..'......@..###.........'.
.## #.##..####.###
###.####..#.
.######.##.#.###.# #.#
#.#.#. .........#.##.#.##
##.#.##.##
.#######.#.###.## #.# #.##
## #.#.##.#.# ##.#.##.## #
#.#.#.###.# #.# #)#.## #
#.#..####.## ###.####..##
####
#.'.........###.........'.


There were no monsters in sight!

Vanquished Creatures
  An endoplasm (D:1)
  3 giant cockroaches (D:1)
  A goblin (D:1)
  4 hobgoblins (D:1)
  3 bats (D:1)
  6 frilled lizards (D:1)
  5 kobolds (D:1)
  4 rats (D:1)
27 creatures vanquished.

Notes
Turn   | Place    | Note
-------+----------+-------------------------------------------
     0 | D:1      | Tlukle the Gnoll Berserker began the quest for the Orb.
     0 | D:1      | Reached XP level 1. HP: 23/23 MP: 1/1
   312 | D:1      | Reached XP level 2. HP: 25/29 MP: 2/2
   748 | D:1      | Reached ** piety under Trog
  1104 | D:1      | Reached XP level 3. HP: 34/35 MP: 3/3
  1318 | D:$      | Got out of the dungeon alive.

Illustrated notes

Levels and vault maps discovered:
D:1:      roderic_octagonal_star, layout_loops_corners, minmay_worlds_worst_comb

Action                   || total
-------------------------++-------
Melee: Whip              ||    87
       Bite              ||     2
       Punch             ||     1
Throw: Stone             ||    20
Armor: Animal skin       ||     6
       Scale mail        ||    22
Dodge: Dodged            ||    56

Table legend: (Time is in decaauts)
 A = Elapsed time spent in this place.
 B = Non-inter-level travel time spent in this place.
 C = Inter-level travel time spent in this place.
 D = Time resting spent in this place.
 E = Time spent auto-exploring this place.
 F = Levels seen in this place.
 G = Mean time per level.
                   A        B        C        D        E       F      G
               +--------+--------+--------+--------+--------+-----+--------+
         Total |   1324 |   1324 |      0 |      0 |      0 |   1 | 1324.0 |
       Dungeon |   1324 |   1324 |      0 |      0 |      0 |   1 | 1324.0 |
               +--------+--------+--------+--------+--------+-----+--------+

Top non-repeatable levels by time:
     D:1: 1324 daAuts
